 Dungeon Crawl Stone Soup version bcrawl-1.19.1 (webtiles) character file.

Game seed: 9900331164257889200

1888 Mrkan the Fighter (level 9, -3/81 HPs)
             Began as a Hill Orc Archaeologist on Nov 26, 2019.
             Was a Believer of Lugonu.
             Killed from afar by an electric eel (7 damage)
             ... with a bolt of electricity
             ... on level 6 of the Dungeon.
             The game lasted 00:10:01 (7396 turns).

Mrkan the Fighter (Hill Orc Archaeologist)          Turns: 7396, Time: 00:10:02

Health: -3/81      AC:  7    Str: 17    XL:     9   Next: 15%
Magic:  9/9        EV: 14    Int: 14    God:    Lugonu [**....]
Gold:   349        SH:  1    Dex:  9    Spells: 8/8 levels left

rFire    . . .     SeeInvis .   f - +9 sword of Zonguldrok {reap}
rCold    . . .     Gourm    .   (no shield)
rNeg     . . .     Faith    .   b - +1 robe
rPois    .         Spirit   .   u - +0 helmet
rElec    .         Reflect  .   (no cloak)
rCorr    .         Harm     .   (no gloves)
MR       .....                  d - +1 pair of boots
Stlth    +.........             (no amulet)
HPRegen  0.23/turn              (no ring)
MPRegen  0.11/turn              (no ring)

@: very slow
A: no striking features
a: Depart the Abyss, Bend Space, Banish, Renounce Religion


You were on level 6 of the Dungeon.
You worshipped Lugonu.
Lugonu was pleased with you.
You were not hungry.

You visited 1 branch of the dungeon, and saw 6 of its levels.

You collected 349 gold pieces.

Inventory:

Hand Weapons
 f - the +9 sword of Zonguldrok (weapon) {reap} If a monster killed with it leaves a corpse in good enough shape, the corpse will be animated as a zombie friendly to the killer.
 t - a +2 whip of electrocution
Missiles
 j - 62 javelins (quivered)
 o - 52 poisoned tomahawks
 w - 127 javelins of penetration
Armour
 b - a +1 robe (worn)
 c - a +1 hat
 d - a +1 pair of boots (worn)
 u - a +0 helmet (worn)
 A - the +2 robe of Impermeability {rElec Int+4 Stlth+, unknown}
   (You found it on level 5 of the Dungeon)

   It affects your intelligence (+4).
   It insulates you from electricity.
   It makes you more stealthy.
 B - a +0 helmet
Jewellery
 k - an uncursed ring of protection from magic {unknown}
 n - a +3 ring of strength {unknown}
 p - an uncursed ring of poison resistance {unknown}
Wands
 x - a wand of acid (5)
 C - a wand of flame (4)
Scrolls
 a - 6 scrolls of remove curse {unknown}
 e - 3 scrolls of identify {unknown}
 h - a scroll of amnesia {unknown}
 r - 2 scrolls of teleportation {unknown}
 s - 2 scrolls of enchant weapon {unknown}
 y - a scroll of blinking {unknown}
 z - a scroll of immolation {unknown}
Potions
 i - a potion of agility {unknown}
 l - 4 potions of curing {unknown}
 m - 3 potions of flight {unknown}
 q - a potion of heal wounds {unknown}
 v - 2 potions of berserk rage {unknown}
 D - 2 potions of ambrosia {unknown}
 E - a potion of brilliance {unknown}
Comestibles
 g - 9 rations {!d}


   Skills:
 * Level 8.1 Fighting
   Level 8.1 Short Blades
   Level 8.1 Long Blades
   Level 8.1 Axes
   Level 8.1 Maces & Flails
   Level 8.1 Polearms
   Level 8.1 Staves
 + Level 6.2 Armour
 + Level 5.3 Dodging
 - Level 2.6 Stealth
   Level 8.1 Unarmed Combat


You had 8 spell levels left.
You didn't know any spells.
Your spell library was empty.

Dungeon Overview and Level Annotations

Branches:
Dungeon (6/12)
 Temple: D:4-7

Altars:
Cheibriados
Lugonu
Trog


Message History

* * * LOW HITPOINT WARNING * * *
Your unstable footing causes you to fumble your attack.
You hit the electric eel.
The electric eel is moderately wounded.
Your unstable footing causes you to fumble your attack.
You hit the electric eel.
The electric eel is severely wounded.
Your unstable footing causes you to fumble your attack.
Your unstable footing causes you to fumble your attack.
The electric eel shoots out a bolt of lightning at you!
The bolt of electricity hits you!
* * * LOW HITPOINT WARNING * * *
Your unstable footing causes you to fumble your attack.
The electric eel shoots out a bolt of lightning at you!
The bolt of electricity hits you!
* * * LOW HITPOINT WARNING * * *
Your unstable footing causes you to fumble your attack.
The electric eel shoots out a bolt of lightning at you!
The bolt of electricity hits you!
You die...

#......≈≈≈≈≈.≈..
#.#..#..≈≈≈≈.... #
#.#...).≈≈≈≈....
#.#.......≈≈≈≈...#
#.#.....?.≈≈≈≈≈...#
............P≈≈≈...#
...#.#.....PP≈≈≈≈..#
...........PP≈≈≈≈..#
###.#.#...).@;≈≈PP..#
.. #.#.##...≈≈≈≈...#
#.###.#......P≈≈≈≈..#
..#.#.#..#..P≈P≈≈...#
#.#.#.#..#..≈.≈≈≈≈..#
#.#.#.#..#...≈≈≈≈...#
#.#.#.#.#..#...P≈≈≈...#
#...<......#..≈.≈≈≈#..#
#.#.###.##.##.≈#≈≈≈# .#


You could see an electric eel.

Vanquished Creatures
  Sigmund (D:5)
  Duvessa (D:5)
  2 sky beasts (D:4)
  4 phantoms
  2 big kobolds (D:4)
  A bullfrog (D:4)
  Blork the orc (D:5)
  Dowan (D:5)
  A scorpion (D:4)
  An electric eel (D:6)
  4 crimson imps
  A centaur zombie (D:5)
  A jelly (D:4)
  An orc wizard (D:4)
  A bullfrog skeleton (D:5)
  A hound (D:4)
  Jessica (D:2)
  2 iguanas
  3 worker ants
  A worker ant zombie (D:5)
  Robin (D:4)
  3 gnolls (D:4)
  8 adders
  5 worms
  5 dart slugs
  2 leopard geckos
  8 orcs
  4 giant cockroaches
  18 goblins
  11 hobgoblins
  18 jackals
  6 quokkas
  7 bats
  4 frilled lizards
  12 kobolds
  2 rats
145 creatures vanquished.

Notes
Turn   | Place    | Note
-------+----------+-------------------------------------------
     0 | D:1      | Mrkan the Hill Orc Archaeologist began the quest for the
                  | Orb.
     0 | D:1      | Reached XP level 1. HP: 15/15 MP: 1/1
    32 | D:1      | Reached skill level 1 in Fighting
   112 | D:1      | Reached XP level 2. HP: 17/23 MP: 2/2
   336 | D:1      | Reached skill level 1 in Armour
   449 | D:1      | Reached XP level 3. HP: 8/29 MP: 3/3
   955 | D:2      | Reached skill level 2 in Fighting
  1020 | D:2      | Noticed Jessica
  1030 | D:2      | Killed Jessica
  1030 | D:2      | Reached XP level 4. HP: 30/37 MP: 4/4
  1229 | D:2      | Reached skill level 3 in Fighting
  1410 | D:2      | Found a snail-covered altar of Cheibriados.
  2112 | D:3      | Reached XP level 5. HP: 33/45 MP: 5/5
  2228 | D:3      | Noticed Robin
  2531 | D:4      | Killed Robin
  2661 | D:3      | Reached skill level 4 in Fighting
  3495 | D:4      | Reached XP level 6. HP: 48/53 MP: 6/6
  3584 | D:4      | Found a corrupted altar of Lugonu.
  3643 | D:4      | Reached skill level 5 in Fighting
  3869 | D:4      | Became a worshipper of Lugonu the Unformed
  3999 | D:4      | Noticed a phantom
  4008 | D:4      | Killed a phantom
  4049 | D:4      | Reached XP level 7. HP: 50/62 MP: 7/7
  4058 | D:4      | Reached skill level 6 in Fighting
  4875 | D:4      | Reached XP level 8. HP: 71/71 MP: 8/8
  5354 | D:4      | Reached skill level 7 in Fighting
  5502 | D:5      | Entered Level 5 of the Dungeon
  5573 | D:5      | Reached skill level 5 in Armour
  5664 | D:5      | Found a bloodstained altar of Trog.
  5767 | D:5      | Noticed Dowan
  5768 | D:5      | Noticed Duvessa
  5830 | D:5      | Noticed Sigmund
  5978 | D:5      | Killed Sigmund
  6288 | D:5      | Got an ichor-stained robe
  6386 | D:5      | Found a snail-covered altar of Cheibriados.
  6404 | D:5      | Reached ** piety under Lugonu
  6437 | D:5      | Reached skill level 5 in Dodging
  6453 | D:5      | Noticed Blork the orc
  6456 | D:5      | Killed Blork the orc
  6518 | D:5      | Killed Duvessa
  6518 | D:5      | Reached XP level 9. HP: 76/81 MP: 9/9
  6529 | D:5      | Killed Dowan
  6529 | D:5      | Reached skill level 8 in Fighting
  7395 | D:6      | HP: 3/81 [electric eel/bolt of electricity (6)]
  7396 | D:6      | Killed from afar by an electric eel

Skill      XL: |  1  2  3  4  5  6  7  8  9 |
---------------+----------------------------+-----
Fighting       | 1 2 3 4 5 6 7 8 |  8.1
Armour         | 1 2 3 4 6 |  6.2
Dodging        | 3 4 5 |  5.3
Short Blades   | |  8.1
Long Blades    | |  8.1
Axes           | |  8.1
Maces & Flails | |  8.1
Polearms       | |  8.1
Staves         | |  8.1
Stealth        | |  2.6
Unarmed Combat | |  8.1

Action                   |  1- 3 |  4- 6 |  7- 9 || total
-------------------------+-------+-------+-------++-------
Melee: Whip              |   188 |   294 |   130 ||   612
       Punch             |       |     4 |     7 ||    11
       Double sword      |       |       |    76 ||    76
 Stab: Sleeping          |     3 |     4 |       ||     7
  Eat: Chunk             |     1 |     9 |     5 ||    15
       Ration            |       |       |     2 ||     2
Armor: Robe              |    92 |   107 |    35 ||   234
Dodge: Dodged            |   159 |   215 |    84 ||   458
Block: Other             |       |       |     5 ||     5
